 Dungeon Crawl Stone Soup version 0.29-a0-490-g77b3608bb8 (webtiles) character file.

Game seed: 2069185948157955717

2346 happo123 the Sneak (level 9, -4/52 HPs)
             Began as a Kobold Enchanter on May 26, 2022.
             Was a Believer of Dithmenos.
             Slain by Skryme's ghost (12 damage)
             ... on level 5 of the Dungeon.
             The game lasted 00:40:02 (9264 turns).

happo123 the Sneak (Kobold Enchanter)               Turns: 9264, Time: 00:40:02

Health: -4/52      AC: 13    Str:  5    XL:     9   Next: 71%
Magic:  16/16      EV: 17    Int: 20    God:    Dithmenos [**....]
Gold:   188        SH:  0    Dex: 16    Spells: 6/17 levels left

rFire   . . .      SeeInvis .   C - +0 dagger (protect)
rCold   + . .      Faith    .   (no shield)
rNeg    . . .      Spirit   .   J - +1 robe {rF+}
rPois   .          Reflect  .   F - +2 hat
rElec   .          Harm     .   p - +0 cloak
rCorr   .          Rampage  .   (no gloves)
Will    +....                   (no boots)
Stlth   ++++++....              (no amulet)
HPRegen 0.17/turn               l - ring of willpower
MPRegen 0.15/turn               k - ring of ice

@: under a protective aura, wreathed by umbra
A: small, no large weapons, nightstalker 3
a: Renounce Religion, Shadow Step


You were on level 5 of the Dungeon.
You worshipped Dithmenos.
Dithmenos was pleased with you.
You visited 2 branches of the dungeon, and saw 7 of its levels.
You also visited: Sewer.

You collected 425 gold pieces.
You spent 237 gold pieces at shops.

Inventory:

Hand Weapons
 a - a +1 dagger
 q - a +3 quarterstaff of chaos
 C - a +0 dagger of protection (weapon)
 L - the +9 arbalest of Execution {venom, rPois}
   (You bought it in a shop on level 6 of the Dungeon)

   Any ammunition fired from it poisons the flesh of those it strikes.
   rPois:     It protects you from poison.
Missiles
 D - a throwing net
Armour
 p - a +0 cloak (worn)
 y - a +0 leather armour
 E - a +0 buckler
 F - a +2 hat (worn)
 J - a +1 robe of fire resistance (worn)
 K - the +4 ring mail "Jody" {Rampage Str+5}
   (You took it off an orc on level 5 of the Dungeon)

   Str:       It affects your strength (+5).
   Rampage:   It bestows one free step when moving towards enemies.
Jewellery
 k - a ring of ice (right hand)
 l - a ring of willpower (left hand)
Wands
 x - a wand of flame (23)
Scrolls
 d - 4 scrolls of identify
 f - 2 scrolls of vulnerability
 i - 2 scrolls of enchant weapon
 j - a scroll of blinking
 n - a scroll of poison {unknown}
 o - 2 scrolls of magic mapping
 s - a scroll of brand weapon {unknown}
 t - a scroll of enchant armour {unknown}
 u - a scroll of amnesia {unknown}
 w - 6 scrolls of teleportation
 A - a scroll of noise {unknown}
 G - a scroll of acquirement {unknown}
Potions
 b - a potion of might {unknown}
 c - 2 potions of invisibility
 e - a potion of mutation {unknown}
 g - a potion of attraction {unknown}
 h - 5 potions of degeneration
 m - a potion of ambrosia {unknown}
 r - 2 potions of lignification {unknown}
 v - 2 potions of curing
 z - a potion of heal wounds
 B - a potion of cancellation {unknown}
 H - a potion of haste {unknown}
 I - a potion of brilliance {unknown}


   Skills:
 + Level 4.7 Fighting
 - Level 5.3 Short Blades
 + Level 2.1 Crossbows
 + Level 5.7 Dodging
 + Level 7.4 Stealth
 + Level 4.9 Spellcasting
 * Level 7.1 Hexes
 + Level 3.4 Invocations


You had 6 spell levels left.
You knew the following spells:

 Your Spells              Type           Power      Damage    Failure   Level
a - Ensorcelled Hibernat  Hex/Ice        56%        N/A       4%          2
b - Tukima's Dance        Hex            33%        N/A       1%          3
c - Confusing Touch       Hex            33%        N/A       1%          3
d - Dazzling Flash        Conj/Hex       38%        N/A       9%          3

Your spell library contained the following spells:

 Spells                   Type           Power      Damage    Failure   Level
 Beastly Appendage        Tmut           8%         N/A       12%         1
 Foxfire                  Conj/Fire      16%        2x1d4     12%         1
 Wereblood                Tmut           4%         N/A       19%         2
 Spider Form              Tmut/Pois      4%         N/A       34%         3


Dungeon Overview and Level Annotations

Branches:
Dungeon (6/15)             Temple (1/1) D:4           Sewer (visited)

Altars:
Ashenzari
Cheibriados
Dithmenos
Elyvilon
Fedhas
Hepliaklqana
Nemelex Xobeh
Okawaru
Qazlal
Ru
Vehumet
Wu Jian
Xom
Yredelemnul
Zin
Jiyva

Shops:
D:3 :   D:6 (

Annotations:
D:4 3 runed translucent doors, bande's ghost, amateur GrFi
D:5 Skryme's ghost, novice OpFi


Innate Abilities, Weirdness & Mutations

You are small and have problems with some larger weapons.
You are completely attuned to the shadows.


Message History

Skryme's ghost barely misses you.
You barely miss Skryme's ghost.
Skryme's ghost is moderately damaged.
You hit Skryme's ghost.
Skryme's ghost is moderately damaged.
Skryme's ghost closely misses you.
You hit Skryme's ghost.
Skryme's ghost is moderately damaged.
Skryme's ghost hits you but does no damage.
You hit Skryme's ghost.
Skryme's ghost is heavily damaged.
You hit Skryme's ghost.
Skryme's ghost is heavily damaged.
Skryme's ghost hits you but does no damage.
You hit Skryme's ghost.
Skryme's ghost is heavily damaged.
Skryme's ghost hits you but does no damage.
You hit Skryme's ghost.
Skryme's ghost is heavily damaged.
Skryme's ghost barely misses you.
You hit Skryme's ghost but do no damage.
Skryme's ghost is heavily damaged.
You hit Skryme's ghost.
Skryme's ghost is heavily damaged.
Skryme's ghost hits you but does no damage.
You closely miss Skryme's ghost.
Skryme's ghost is heavily damaged.
Skryme's ghost hits you but does no damage.
You closely miss Skryme's ghost.
Skryme's ghost is heavily damaged.
You hit Skryme's ghost.
Skryme's ghost is severely damaged.
Skryme's ghost hits you but does no damage.
You are electrocuted!
* * * LOW HITPOINT WARNING * * *
You hit Skryme's ghost but do no damage.
Skryme's ghost is severely damaged.
Skryme's ghost hits you but does no damage.
You are electrocuted!
You die...

##...#####..######### #.......#
.....'.............># #)#####.#
##.).######..###.##.## #.#.....#
###.# #..###.....# #[#.#...# #.#
#.....###..# #.#.#.#.#
#.#######..#.###..###.#.....#
#.........<#.#........###.###
######.......###.########..###
#########.......@W..))o).........
................###.##8..........
#########.....#.###.########'''##
#.....#..##.# #.......... #######
#.....##.##.# #....#####.
#.#.#.###.....##.##.# #.###.....#
........#.....##.##.#
#.#.#.#...)...##..#.###
.......###............#


You could see Skryme's ghost.

Vanquished Creatures
  Sigmund (D:2)
  Duvessa (D:5)
  A water moccasin (D:6)
  An ice beast (D:6)
  An ogre (D:5)
  7 kobold brigands (Sewer)
  A bullfrog (D:6)
  2 scorpions
  4 wights (D:6)
  Dowan (D:5)
  2 hounds
  4 jellies (D:1)
  Crazy Yiuf (D:2)
  5 orc priests
  2 iguanas
  3 orc wizards
  Ijyb (D:3)
  A gnoll (D:1)
  12 adders
  7 river rats
  2 white imps
  2 ufetubi
  7 worms
  A dart slug (D:1)
  13 orcs
  15 bats
  17 endoplasms
  4 giant cockroaches
  5 goblins
  8 hobgoblins
  3 jackals (D:4)
  6 quokkas
  11 ball pythons
  7 frilled lizards
  13 kobolds
  26 rats
198 creatures vanquished.

Vanquished Creatures (others)
  3 fungi (D:2)
  A plant (D:2)
4 creatures vanquished.

Grand Total: 202 creatures vanquished

Notes
Turn   | Place    | Note
-------+----------+-------------------------------------------
     0 | D:1      | happo123 the Kobold Enchanter began the quest for the Orb.
     0 | D:1      | Reached XP level 1. HP: 10/10 MP: 3/3
    79 | D:1      | Reached XP level 2. HP: 15/15 MP: 5/5
    82 | D:1      | Learned a level 2 spell: Ensorcelled Hibernation
   311 | D:1      | Found a large runed translucent door.
   311 | D:1      | Found a large runed translucent door.
   313 | D:1      | Found a viscous altar of Jiyva.
   443 | D:1      | You fall into a shaft and drop 1 floor!
   721 | D:2      | Reached XP level 3. HP: 20/20 MP: 6/6
   725 | D:2      | Learned a level 3 spell: Tukima's Dance
  1206 | D:2      | Found a faded altar of an unknown god.
  1211 | D:2      | Got Plato's Incunabulum of Heat
  1228 | D:2      | Reached skill level 1 in Fighting
  1228 | D:2      | Reached XP level 4. HP: 8/25 MP: 1/7
  1560 | D:2      | Noticed Sigmund
  1567 | D:2      | Killed Sigmund
  1568 | D:2      | Reached skill level 5 in Stealth
  1568 | D:2      | Reached XP level 5. HP: 24/30 MP: 5/9
  1568 | D:2      | Reached XP level 6. HP: 29/35 MP: 5/10
  1574 | D:2      | Learned a level 3 spell: Confusing Touch
  1983 | D:2      | Found a runed translucent door.
  1986 | D:2      | Noticed Crazy Yiuf
  1992 | D:2      | Killed Crazy Yiuf
  3364 | D:3      | Noticed Ijyb
  3368 | D:3      | Killed Ijyb
  3420 | D:3      | Found Fant's Book Shop.
  4227 | D:4      | Reached XP level 7. HP: 40/40 MP: 11/11
  4236 | D:4      | Learned a level 3 spell: Dazzling Flash
  4529 | D:4      | Reached skill level 5 in Hexes
  4609 | D:4      | Found a staircase to the Ecumenical Temple.
  4617 | Temple   | Entered the Ecumenical Temple
  4752 | Temple   | Became a worshipper of Dithmenos the Shadowed
  4787 | D:4      | Found a runed translucent gate.
  4787 | D:4      | Found a runed translucent gate.
  4787 | D:4      | Found a runed translucent gate.
  4788 | D:4      | Noticed a yak
  4956 | D:4      | Noticed bande's ghost (amateur GrFi)
  5261 | D:5      | Entered Level 5 of the Dungeon
  5267 | D:5      | Reached XP level 8. HP: 44/46 MP: 6/13
  5272 | D:5      | Reached skill level 1 in Invocations
  5342 | D:5      | Found a glowing drain.
  5358 | Sewer    | Entered a sewer
  5554 | Sewer    | Reached * piety under Dithmenos
  6407 | D:5      | Found a runed translucent gate.
  6408 | D:5      | Found a runed translucent gate.
  6409 | D:5      | Found a runed translucent gate.
  6412 | D:5      | Identified the +4 ring mail "Jody" {Rampage Str+5}
  6424 | D:5      | Noticed Duvessa
  6427 | D:5      | Noticed Dowan
  6428 | D:5      | Killed Duvessa
  6429 | D:5      | Reached skill level 5 in Short Blades
  6429 | D:5      | Reached skill level 5 in Dodging
  6429 | D:5      | Reached XP level 9. HP: 52/52 MP: 15/15
  6435 | D:5      | Killed Dowan
  7011 | D:5      | Noticed Skryme's ghost (novice OpFi)
  7472 | D:1      | Reached ** piety under Dithmenos
  7846 | D:6      | Found a hazy altar of Hepliaklqana.
  7847 | D:6      | Found a shimmering altar of Xom.
  7848 | D:6      | Noticed a spectral ugly thing
  7881 | D:6      | Reached skill level 1 in Crossbows
  8358 | D:6      | Found Quemit's Antique Weapon Boutique.
  8363 | D:6      | Bought a scorched arbalest for 237 gold pieces
  8363 | D:6      | Identified the +9 arbalest of Execution {venom, rPois} (You
                  | bought it in a shop on level 6 of the Dungeon)
  9264 | D:5      | Slain by Skryme's ghost

Illustrated notes

Levels and vault maps discovered:
D:1:      erik_arrival_cave_to_civilisation [erik_arrival_cave_to_temple],
          layout_loops_ring, minmay_tiny_reverse_x
D:2:      kennysheep_big_flooded_room, layout_basic,
          shapermc_ecumenical_altar_rom_forum, uniq_crazy_yiuf_cottage,
          uniq_sigmund
D:3:      layout_basic, serial_shops, nicolae_shop_hallway_stairs,
          minmay_rat_hole, uniq_ijyb
D:4:      layout_loops_ring, temple_green, gammafunk_ghost_split,
          nrook_mini_vaults, kennysheep_donut, st_stairs_14
D:5:      layout_basic, cheibrodos_sewer_entry_sluice,
          biasface_ghost_orc_armoury, st_stairs_9, uniq_duvessa
D:6:      layout_loops_corners, regret_index_temple_of_mockery, serial_shops,
          shop, minivault_11
Temple:   cyrus_circular_temple

Skill      XL: |  1  2  3  4  5  6  7  8  9 |
---------------+----------------------------+-----
Short Blades   | 2 3 4 5 |  5.3
Fighting       | 1 2 3 4 |  4.7
Dodging        | 3 4 5 |  5.7
Stealth        | 5 6 7 |  7.4
Spellcasting   | 3 4 |  4.9
Hexes          | 4 5 6 7 |  7.1
Invocations    | 2 3 |  3.4
Crossbows      | 2 |  2.1

Action                   |  1- 3 |  4- 6 |  7- 9 || total
-------------------------+-------+-------+-------++-------
Melee: Dagger            |    68 |   145 |   224 ||   437
       Punch             |       |     1 |     2 ||     3
       Arbalest          |       |       |     1 ||     1
 Fire: Arbalest          |       |       |    38 ||    38
       Hand crossbow     |       |       |    17 ||    17
 Cast: Ensorcelled Hiber |     6 |    14 |    61 ||    81
       Confusing Touch   |       |       |     2 ||     2
       Tukima's Dance    |       |       |     1 ||     1
       Dazzling Flash    |       |       |     1 ||     1
  Use: Scroll            |       |       |     9 ||     9
       Potion            |       |       |     2 ||     2
 Stab: Sleeping          |    17 |    40 |    71 ||   128
       Confused          |       |       |     1 ||     1
Armor: Robe              |     5 |    28 |    50 ||    83
Dodge: Dodged            |    45 |    88 |   209 ||   342

Table legend: (Time is in decaauts)
 A = Elapsed time spent in this place.
 B = Non-inter-level travel time spent in this place.
 C = Inter-level travel time spent in this place.
 D = Time resting spent in this place.
 E = Time spent auto-exploring this place.
 F = Levels seen in this place.
 G = Mean time per level.
                   A        B        C        D        E       F      G
               +--------+--------+--------+--------+--------+-----+--------+
         Total |   9446 |   8264 |   1182 |   1024 |   5532 |   8 | 1180.8 |
       Dungeon |   8090 |   7003 |   1087 |    889 |   4780 |   6 | 1348.3 |
        Temple |    146 |     51 |     95 |      0 |     44 |   1 |  146.0 |
         Sewer |   1209 |   1209 |      0 |    135 |    708 |   1 | 1209.0 |
               +--------+--------+--------+--------+--------+-----+--------+

Top non-repeatable levels by time:
     D:2: 2035 daAuts
     D:1: 1495 daAuts
     D:6: 1476 daAuts
   Sewer: 1209 daAuts
     D:4: 1159 daAuts
     D:3: 991 daAuts
     D:5: 933 daAuts
  Temple: 146 daAuts
